 Dungeon Crawl Stone Soup version 0.21.1-1-g345015fe64 (webtiles) character file.

1180 Lothor the Firebug (level 8, -2/57 HPs)
             Began as a Green Draconian Fire Elementalist on Mar 21, 2018.
             Slain by a wyvern zombie (12 damage)
             ... on level 6 of the Dungeon.
             The game lasted 00:29:21 (6783 turns).

Lothor the Firebug (DrFE)                           Turns: 6783, Time: 00:29:21

Health: -2/57      AC: 10    Str: 12    XL:     8   Next: 19%
Magic:  0/17       EV: 12    Int: 20    God:
Gold:   304        SH:  0    Dex: 11    Spells: 5/20 levels left

rFire    . . .     SeeInvis .   w - +1 dagger (flame)
rCold    . . .     Gourm    .   (no shield)
rNeg     . . .     Faith    .   (armour unavailable)
rPois    +         Spirit   .   (helmet restricted)
rElec    .         Reflect  .   f - +0 cloak
rCorr    .         Harm     .   (no gloves)
MR       .....                  (no boots)
Stlth    ++........             (no amulet)
HPRegen  0.19/turn              c - +3 ring of protection
MPRegen  0.15/turn              j - +3 ring of intelligence

@: very slightly contaminated
A: breathe noxious fumes, unfitting armour, poison resistance, cold-blooded, AC
+6
a: Breathe Noxious Fumes


You were on level 6 of the Dungeon.
You were hungry.

You visited 1 branch of the dungeon, and saw 6 of its levels.

You collected 304 gold pieces.

Inventory:

Hand Weapons
 g - a +0 hunting sling
 w - a +1 dagger of flaming (weapon)
 C - a +2 dagger of electrocution
Missiles
 i - 141 stones (quivered)
 k - 45 arrows
 q - 3 tomahawks
 v - 18 bolts
 y - 2 throwing nets
 B - 43 sling bullets
Armour
 f - a +0 cloak (worn)
 m - a +0 shield
Jewellery
 c - a +3 ring of protection (left hand)
 j - a +3 ring of intelligence (right hand)
 D - an uncursed ring of flight {unknown}
Wands
 x - a wand of disintegration (10)
Scrolls
 n - a scroll of random uselessness {unknown}
 o - 2 scrolls of fog {unknown}
 p - 2 scrolls of noise {unknown}
 s - 4 scrolls of identify
 t - 3 scrolls of teleportation {unknown}
 A - 2 scrolls of remove curse {unknown}
Potions
 d - a potion of might {unknown}
 e - a potion of agility {unknown}
 h - 3 potions of invisibility {unknown}
 l - a potion of haste {unknown}
 r - 2 potions of heal wounds {unknown}
 z - a potion of lignification {unknown}
Books
 a - a book of Flames

   Spells                             Type                      Level
   a - Flame Tongue                   Conjuration/Fire             1
   b - Throw Flame                    Conjuration/Fire             2
   c - Conjure Flame                  Conjuration/Fire             3
   d - Inner Flame                    Hexes/Fire                   3
   e - Sticky Flame                   Conjuration/Fire             4
   f - Fireball                       Conjuration/Fire             5
Comestibles
 b - 5 rations


   Skills:
 - Level 1.7 Dodging
 - Level 1.7 Stealth
 + Level 6.6 Spellcasting
 - Level 1.0 Conjurations
 + Level 7.5 Fire Magic


You had 5 spell levels left.
You knew the following spells:

 Your Spells              Type           Power        Failure   Level  Hunger
a - Flame Tongue          Conj/Fire      ###..        1%          1    None
b - Throw Flame           Conj/Fire      ###...       2%          2    None
c - Conjure Flame         Conj/Fire      ###.....     4%          3    #......
d - Sticky Flame          Conj/Fire      ###.....     17%         4    ###....
e - Fireball              Conj/Fire      ###.......   43%         5    #####..


Dungeon Overview and Level Annotations

Branches:
Dungeon (6/15)
 Temple: D:4-7

Altars:
Dithmenos
Fedhas
Qazlal
Ru
Zin
The Shining One
Beogh


Innate Abilities, Weirdness & Mutations

You can breathe blasts of noxious fumes.
Your lurid green scales are hard. (AC +6)
You cannot fit into any form of body armour.
Your system is resistant to poisons. (rPois)
You are cold-blooded and may be slowed by cold attacks.


Message History

The wyvern zombie is severely damaged.
The wyvern zombie bites you! x2
Casting: Throw Flame
Confirm with . or Enter, or press ? or * to list all spells.
Aiming: Throw Flame
Press: ? - help, Shift-Dir - straight line, f/p - wyvern zombie
Aim: a wyvern zombie (severely damaged)
The puff of flame hits the wyvern zombie.
The wyvern zombie is almost destroyed.
The wyvern zombie bites you!
* * * LOW HITPOINT WARNING * * *
Casting: Throw Flame
Confirm with . or Enter, or press ? or * to list all spells.
Aiming: Flame Tongue
Press: ? - help, Shift-Dir - straight line, f/p - wyvern zombie
Aim: a wyvern zombie (almost destroyed)
The flame tongue hits the wyvern zombie.
The wyvern zombie is almost destroyed.
The wyvern zombie bites you!
You die...

#..<.........
#####.#########
#.............#
#.###.#######.#
#.#.#.......#.#
#.#.........#.#
#.#.#########.#
#.#.#########.#
#.#.....@Z....#
#.#############
#.#


You could see a wyvern zombie.

Vanquished Creatures
  Prince Ribbit (D:6)
  An ogre (D:5)
  An ice beast (D:5)
  2 centaurs
  A centaur zombie (D:5)
  2 orc priests
  A hound (D:4)
  2 jellies (D:5)
  2 iguanas (D:5)
  6 orc wizards
  A worker ant (D:4)
  2 worker ant zombies (D:5)
  5 gnolls
  5 adders
  A shadow imp (D:5)
  An ooze (D:2)
  2 adder skeletons
  A worm (D:2)
  2 dart slugs
  3 leopard geckos
  11 orcs
  2 ball pythons
  8 bats
  8 giant cockroaches
  6 hobgoblins
  7 jackals
  2 frilled lizards (D:4)
  5 goblins
  7 kobolds
  A quokka skeleton (D:4)
  A quokka zombie (D:4)
  5 rats
105 creatures vanquished.

Notes
Turn   | Place    | Note
-------+----------+-------------------------------------------
     0 | D:1      | Lothor the Draconian Fire Elementalist began the quest for the Orb.
     0 | D:1      | Reached XP level 1. HP: 14/14 MP: 3/3
   305 | D:1      | Reached XP level 2. HP: 20/20 MP: 0/5
   361 | D:1      | Learned a level 2 spell: Throw Flame
   937 | D:1      | Reached XP level 3. HP: 26/26 MP: 1/7
   942 | D:1      | Learned a level 3 spell: Conjure Flame
  1277 | D:2      | Found a glowing silver altar of Zin.
  1402 | D:2      | Found a faded altar of an unknown god.
  1403 | D:2      | Noticed a centaur
  1419 | D:2      | HP: 1/26 [centaur/arrow (6)]
  1424 | D:2      | Killed a centaur
  1424 | D:2      | Reached skill level 4 in Fire Magic
  1424 | D:2      | Reached XP level 4. HP: 2/33 MP: 0/9
  1743 | D:2      | Learned a level 4 spell: Sticky Flame
  2001 | D:2      | Reached XP level 5. HP: 36/38 MP: 0/10
  2087 | D:2      | Found a stormy altar of Qazlal.
  2727 | D:3      | Found a roughly hewn altar of Beogh.
  2767 | D:3      | Reached skill level 5 in Fire Magic
  2821 | D:3      | Found a sacrificial altar of Ru.
  2824 | D:3      | Found a shadowy altar of Dithmenos.
  2827 | D:3      | Found a glowing golden altar of the Shining One.
  3565 | D:4      | Reached XP level 6. HP: 38/45 MP: 2/12
  3818 | D:4      | HP: 2/45 [orc priest/divine providence (10)]
  4410 | D:4      | Reached skill level 5 in Spellcasting
  4527 | D:4      | Learned a level 5 spell: Fireball
  4689 | D:4      | Reached skill level 6 in Fire Magic
  4896 | D:4      | Found a blossoming altar of Fedhas.
  5085 | D:4      | Your scales start taking on a lurid green colour.
  5085 | D:4      | Reached XP level 7. HP: 50/50 MP: 5/14
  5085 | D:4      | Gained mutation: Your system is resistant to poisons. (rPois) [Green Draconian growth]
  5173 | D:5      | Entered Level 5 of the Dungeon
  6172 | D:5      | Reached skill level 7 in Fire Magic
  6631 | D:6      | Noticed Prince Ribbit
  6640 | D:6      | Killed Prince Ribbit
  6640 | D:6      | Reached XP level 8. HP: 57/57 MP: 1/17
  6783 | D:6      | Slain by a wyvern zombie

Skill      XL: |  1  2  3  4  5  6  7 |
---------------+----------------------+-----
Spellcasting   | 3 4 5 6 |  6.6
Fire Magic     | 4 5 6 7 |  7.5
Dodging        | |  1.7
Stealth        | |  1.7
Conjurations   | |  1.0

Action                   |  1- 3 |  4- 6 |  7- 9 || total
-------------------------+-------+-------+-------++-------
Melee: Club              |    14 |       |       ||    14
       Short sword       |    56 |    33 |       ||    89
       Tailslap          |     4 |     5 |       ||     9
       Dagger            |       |       |     6 ||     6
Throw: Stone             |       |     1 |       ||     1
 Cast: Flame Tongue      |    22 |    32 |    17 ||    71
       Throw Flame       |    15 |    90 |    76 ||   181
       Conjure Flame     |       |     1 |       ||     1
       Sticky Flame      |       |     1 |       ||     1
       Fireball          |       |     1 |       ||     1
  Use: Scroll            |       |     3 |       ||     3
  Eat: Chunk             |     3 |     7 |     4 ||    14
       Ration            |       |     2 |       ||     2
Armor: Skin              |    54 |    18 |     6 ||    78
Dodge: Dodged            |    93 |    28 |    10 ||   131
